 Dungeon Crawl Stone Soup version 0.25.0-9-g26727b657a (webtiles) character file.

Game seed: 13414974667917847590

16470 mopl the Artisan of Death (level 12, -7/70 HPs)
             Began as a Tengu Necromancer on June 16, 2020.
             Was a Priest of Kikubaaqudgha.
             Mangled by a spiny frog (22 damage)
             ... on level 3 of the Lair of Beasts.
             The game lasted 00:27:47 (12369 turns).

mopl the Artisan of Death (Tengu Necromancer)      Turns: 12369, Time: 00:27:48

Health: -7/70      AC:  6    Str: 24    XL:     12   Next: 37%
Magic:  18/30      EV: 19    Int: 22    God:    Kikubaaqudgha [***...]
Gold:   668        SH:  0    Dex: 14    Spells: 0/21 levels left

rFire    + . .     SeeInvis .   a - +2 trident (protect)
rCold    . . .     Gourm    .   (no shield)
rNeg     . . .     Faith    .   y - +2 robe "Guefemp" {*Corrode rPois rF+ Str+5}
rPois    +         Spirit   .   (helmet restricted)
rElec    .         Reflect  .   b - +1 cloak {MR+}
rCorr    .         Harm     .   (no gloves)
MR       +....                  (boots unavailable)
Stlth    ++........             (no amulet)
HPRegen  0.21/turn              j - ring of magical power
MPRegen  0.22/turn              k - ring of Deehayts {Str+6 Int+5 Slay+4}

@: flying quickly and evasively, quick
A: beak, talons 3, able to fly
a: Stop Flying, Receive Corpses, Renounce Religion


You were on level 3 of the Lair of Beasts.
You worshipped Kikubaaqudgha.
Kikubaaqudgha was most pleased with you.
You were hungry.

You visited 3 branches of the dungeon, and saw 15 of its levels.

You collected 913 gold pieces.
You spent 245 gold pieces at shops.

Inventory:

Hand Weapons
 a - a +2 trident of protection (weapon)
 M - a +2 scimitar of flaming
Missiles
 q - 42 poisoned darts (quivered)
 u - 18 boomerangs
 C - 5 javelins
Armour
 b - a +1 cloak of magic resistance (worn)
 d - a +2 robe of fire resistance
 r - the +1 ring mail "Ugorifix" {rC+ MR+ Str-5 Dex+4}
   (You found it on level 2 of the Lair of Beasts)

   It affects your strength (-5).
   It affects your dexterity (+4).
   It protects you from cold.
   It affects your resistance to hostile enchantments.
 y - the +2 robe "Guefemp" (worn) {*Corrode rPois rF+ Str+5}
   (You found it on level 5 of the Dungeon)

   It affects your strength (+5).
   It protects you from fire.
   It protects you from poison.
   It may corrode you when you take damage.
 V - a +0 troll leather armour
Magical Staves
 g - an uncursed staff of fire
 l - an uncursed staff of air
Jewellery
 j - a ring of magical power (left hand)
 k - the ring of Deehayts (right hand) {Str+6 Int+5 Slay+4}
   (You found it on level 5 of the Dungeon)

   [ring of strength]

   It affects your strength (+6).
   It affects your intelligence (+5).
   It affects your accuracy and damage with ranged weapons and melee attacks
   (+4).
 t - an uncursed ring of positive energy
 x - an uncursed ring of protection from magic
 K - an uncursed ring of poison resistance
 L - an uncursed ring of protection from fire
 P - an uncursed ring of wizardry
Wands
 o - a wand of enslavement (13)
 F - a wand of polymorph (13)
 N - a wand of digging (4)
Scrolls
 e - a scroll of fog {unknown}
 f - 5 scrolls of teleportation
 h - 4 scrolls of remove curse
 i - 3 scrolls of random uselessness {unknown}
 A - 5 scrolls of identify
 B - 3 scrolls of immolation {unknown}
 G - 2 scrolls of magic mapping {unknown}
 H - a scroll of amnesia {unknown}
 I - 2 scrolls of fear {unknown}
 J - 2 scrolls of enchant weapon {unknown}
 O - a scroll of blinking {unknown}
 S - a scroll of silence {unknown}
 U - a scroll of torment {unknown}
Potions
 m - a potion of ambrosia
 n - 3 potions of brilliance
 p - 5 potions of curing
 v - 3 potions of haste
 w - 2 potions of lignification
 z - 2 potions of heal wounds
 D - a potion of magic
 E - a potion of invisibility
 R - a potion of berserk rage
Miscellaneous
 Q - a lightning rod (4/4)
Comestibles
 c - 16 rations
 s - 3 chunks of flesh


   Skills:
 + Level 6.0 Fighting
 * Level 9.5 Polearms
 + Level 6.6 Armour
 + Level 7.1 Dodging
 - Level 2.0 Stealth
 * Level 5.4 Spellcasting
 - Level 14.0 Necromancy
 + Level 1.0 Earth Magic
 + Level 3.2 Evocations


You couldn't memorise any spells.
You knew the following spells:

 Your Spells              Type           Power        Failure   Level  Hunger
a - Pain                  Necr           ####         1%          1    None
b - Vampiric Draining     Necr           ######....   1%          3    ##.....
c - Corpse Rot            Necr/Air       N/A          1%          2    None
d - Agony                 Necr           ######..     1%          5    #####..
v - Borgnjor's Vile Clut  Necr/Erth      #####.....   12%         5    #####..
x - Animate Skeleton      Necr           N/A          1%          1    None
X - Animate Dead          Necr           N/A          1%          4    ####...

Your spell library contained the following spells:

 Spells                   Type           Power        Failure   Level  Hunger
 Sublimation of Blood     Necr           ######....   1%          2    None
 Dispel Undead            Necr           ######..     1%          4    ####...
 Death Channel            Necr           ######....   4%          6    #######
 Apportation              Tloc           #.....       10%         1    None
 Corona                   Hex            #......      10%         1    None
 Summon Small Mammal      Summ           #...         10%         1    None
 Shroud of Golubria       Chrm/Tloc      #.....       14%         2    None
 Lesser Beckoning         Tloc           #.........   28%         3    ##.....
 Teleport Other           Tloc           #.......     28%         3    ##.....
 Simulacrum               Ice/Necr       #####.....   63%         6    #######
 Bolt of Magma            Conj/Fire/Erth #.........   93%         5    #####..
 Iskenderun's Battlesphe  Conj/Chrm      #.......     95%         5    #####..
 Summon Forest            Summ/Tloc      #.........   95%         5    #####..
 Iron Shot                Conj/Erth      #.........   100%        6    #######
 Malign Gateway           Summ/Tloc      #.........   100%        7    #######
 Orb of Destruction       Conj           #.........   100%        7    #######
 Spellforged Servitor     Conj/Summ      #.........   100%        7    #######


Dungeon Overview and Level Annotations

Branches:
Dungeon (11/15)            Temple (1/1) D:7            Lair (3/6) D:9
  Swamp (0/4) Lair:3          Orc (0/2) D:9
  Snake: Lair:2-4    Spider: Lair:2-4

Altars:
Kikubaaqudgha
Makhleb
Okawaru
Qazlal
Wu Jian
Yredelemnul

Shops:
D:4 *==*   D:8 }


Innate Abilities, Weirdness & Mutations

You have a beak for a mouth.
You have claws for feet.
You can fly continuously.


Message History

The hippogriff is almost dead.
You feel life coursing into your body! The spiny frog barely misses you.
The hippogriff barely misses you. The hippogriff closely misses you.
The hippogriff claws you.
* * * LOW HITPOINT WARNING * * *
The porcupine barely misses you.
Unknown command.
Casting: Vampiric Draining (safe; 1% risk of failure)
Confirm with . or Enter, or press ? or * to list all spells.
Aiming: Vampiric Draining (safe; 1% risk of failure)
Press: ? - help, Shift-Dir - straight line, f/p - hippogriff
Aim: a hippogriff (almost dead)
You kill the hippogriff!
Kikubaaqudgha accepts your kill.
Your Earth Magic skill increases to level 1!
You feel life coursing into your body. The spiny frog stings you!
* * * LOW HITPOINT WARNING * * *
The porcupine closely misses you. The spiny frog stings you!!
You die...
Kikubaaqudgha rasps: "You have failed me!
Welcome... death!"

............≈§≈...#.
#..P#.....§≈§§§≈..=.
....P......≈§§≈≈.....
#............§≈§§≈≈..#..
#.....#.......§§§≈.....
.+.....##....F....!..P#.
P.#...##..............#
.##.#.###......#Fr...##
..............##@#..##
..............###...#..$
..............H..........
.........................
.........................
..............#.....P....
.##...#........#..#P.....
.######............P..)..
## ##......#...P......


You could see a spiny frog and a porcupine.

Vanquished Creatures
  Erica (D:8)
  A wizard (D:7)
  Pikel (D:8)
  A deep elf mage (D:10)
  A manticore (D:8)
  Joseph (D:8)
  2 black mambas (Lair:1)
  A gargoyle (D:10)
  A spiny frog (Lair:1)
  2 komodo dragons
  A troll (D:10)
  A merfolk (D:10)
  Prince Ribbit (D:5)
  8 blink frogs (Lair:2)
  4 hippogriffs
  Sigmund (D:3)
  15 yaks
  A wyvern (D:10)
  A basilisk (Lair:3)
  A human (D:10)
  Eustachio (D:5)
  A fire bat (D:8)
  Menkaure (D:5)
  3 water moccasins
  3 ice beasts
  A porcupine (Lair:1)
  4 orc warriors
  A slave (D:7)
  2 sky beasts
  A necrophage (D:6)
  2 phantoms
  7 ogres
  4 centaurs
  2 crocodiles (Lair:1)
  A big kobold (D:10)
  8 bullfrogs
  A wyvern zombie (D:8)
  A water moccasin zombie (D:9)
  2 scorpions
  8 killer bees
  3 electric eels (Lair:3)
  A howler monkey (D:6)
  2 centaur zombies
  4 crimson imps
  3 hounds
  Crazy Yiuf (D:3)
  3 jellies
  9 orc priests
  15 orc wizards
  4 bullfrog skeletons
  2 iguanas
  4 worker ants
  A hound zombie (D:7)
  A worker ant zombie (D:5)
  A howler monkey skeleton (D:7)
  7 adders
  2 shadow imps
  An ooze (D:4)
  An adder zombie (D:6)
  2 adder skeletons
  2 worms (D:3)
  5 leopard geckos
  36 orcs
  2 ball pythons
  3 bats
  6 giant cockroaches
  11 goblins
  6 hobgoblins
  9 jackals
  3 quokkas
  2 frilled lizards (D:2)
  16 kobolds
  A leopard gecko skeleton (D:7)
  A quokka skeleton (D:7)
  8 rats
278 creatures vanquished.

Vanquished Creatures (collateral kills)
  A hydra (Lair:1)
  A blink frog (Lair:2)
  A porcupine (Lair:1)
  An ogre (D:9)
  2 orc wizards (D:9)
  3 orcs (D:9)
  2 giant cockroaches (D:1)
  2 kobolds (D:1)
  2 rats (D:1)
15 creatures vanquished.

Vanquished Creatures (others)
  An eye of draining (D:10)
  4 plants
5 creatures vanquished.

Grand Total: 298 creatures vanquished

Notes
Turn   | Place    | Note
-------+----------+-------------------------------------------
     0 | D:1      | mopl the Tengu Necromancer began the quest for the Orb.
     0 | D:1      | Reached XP level 1. HP: 10/10 MP: 4/4
    54 | D:1      | Learned a level 1 spell: Animate Skeleton
   120 | D:1      | Reached XP level 2. HP: 12/15 MP: 4/6
  1143 | D:1      | Reached XP level 3. HP: 19/19 MP: 3/7
  1225 | D:1      | Reached skill level 5 in Necromancy
  1496 | D:1      | Learned a level 3 spell: Vampiric Draining
  2159 | D:2      | Reached XP level 4. HP: 16/24 MP: 9/9
  2860 | D:3      | Gained mutation: You can fly continuously. [Tengu growth]
  2860 | D:3      | Reached XP level 5. HP: 28/28 MP: 9/11
  3128 | D:3      | Noticed Sigmund
  3136 | D:3      | Killed Sigmund
  3136 | D:3      | Reached skill level 6 in Necromancy
  3136 | D:3      | Reached XP level 6. HP: 22/32 MP: 8/13
  3401 | D:3      | Found a runed translucent door.
  3402 | D:3      | Noticed Crazy Yiuf
  3411 | D:3      | Killed Crazy Yiuf
  3548 | D:4      | Found Rijurykk's Jewellery Boutique.
  3865 | D:4      | Reached skill level 7 in Necromancy
  3865 | D:4      | Reached XP level 7. HP: 26/36 MP: 15/15
  3867 | D:4      | Found Aracwoiwn's General Store.
  3874 | D:4      | Reached skill level 5 in Spellcasting
  3881 | D:4      | Bought a potion of mutation for 96 gold pieces
  4034 | D:4      | Found Nacoly's General Store.
  4040 | D:4      | Bought a scroll of noise for 13 gold pieces
  4040 | D:4      | Bought a scroll of teleportation for 39 gold pieces
  4040 | D:4      | Bought a scroll of enchant armour for 97 gold pieces
  4080 | D:4      | Found Asihiat's Jewellery Shop.
  4372 | D:5      | Entered Level 5 of the Dungeon
  4379 | D:5      | Learned a level 5 spell: Agony
  4444 | D:5      | Reached skill level 8 in Necromancy
  4605 | D:5      | Identified the Handbook of Displacement
  4762 | D:5      | Reached skill level 9 in Necromancy
  4762 | D:5      | Reached XP level 8. HP: 33/41 MP: 16/16
  4812 | D:5      | Noticed Menkaure
  4824 | D:5      | HP: 1/41 [Menkaure (11)]
  4825 | D:5      | Killed Menkaure
  5189 | D:5      | Got a transparent tin ring
  5190 | D:5      | Identified the ring of Deehayts {Str+6 Int+5 Slay+4} (You
                  | found it on level 5 of the Dungeon)
  5268 | D:5      | Noticed Prince Ribbit
  5269 | D:5      | Noticed Eustachio
  5308 | D:5      | Killed Eustachio
  5412 | D:5      | Reached skill level 10 in Necromancy
  5531 | D:5      | Killed Prince Ribbit
  5555 | D:5      | Got a brightly glowing robe
  5566 | D:5      | Identified the +2 robe "Guefemp" {*Corrode rPois rF+ Str+5}
                  | (You found it on level 5 of the Dungeon)
  5703 | D:6      | Reached skill level 11 in Necromancy
  5758 | D:6      | Reached XP level 9. HP: 45/45 MP: 17/17
  5903 | D:6      | Reached skill level 12 in Necromancy
  6250 | D:7      | Noticed a wizard
  6261 | D:7      | Killed a wizard
  6266 | D:7      | HP: 2/45 [orc/+0 war axe (4)]
  6550 | D:7      | Reached skill level 13 in Necromancy
  7016 | D:7      | Reached skill level 14 in Necromancy
  7016 | D:7      | Reached XP level 10. HP: 50/50 MP: 18/18
  7042 | D:7      | Reached skill level 1 in Polearms
  7167 | D:7      | Reached skill level 1 in Fighting
  7167 | D:7      | Reached skill level 1 in Armour
  7221 | D:7      | Found a staircase to the Ecumenical Temple.
  7437 | Temple   | Entered the Ecumenical Temple
  7456 | Temple   | Became a worshipper of Kikubaaqudgha
  7798 | D:8      | Found Ixkaet's Gadget Shoppe.
  7851 | D:8      | Noticed Pikel
  7955 | D:8      | Killed Pikel
  7986 | D:8      | Noticed Erica
  7997 | D:8      | Killed Erica
  8133 | D:8      | Noticed a manticore
  8143 | D:8      | Killed a manticore
  8143 | D:8      | Reached skill level 5 in Polearms
  8307 | D:8      | Noticed Joseph
  8318 | D:8      | Killed Joseph
  8458 | D:8      | Noticed Maurice
  8460 | D:8      | Noticed Maurice
  8460 | D:8      | Maurice changed into Maurice the fire bat
  8467 | D:8      | Killed Maurice the fire bat
  8620 | D:9      | Reached * piety under Kikubaaqudgha
  8620 | D:9      | Identified Kikubaaqudgha's Collected Works on Sinister Arts
                  | (Kikubaaqudgha gifted it to you on level 9 of the Dungeon)
  8620 | D:9      | Received a gift from Kikubaaqudgha
  8625 | D:9      | Learned a level 2 spell: Corpse Rot
  8650 | D:9      | Found a stormy altar of Qazlal.
  8765 | D:9      | Found a staircase to the Lair.
  8786 | D:9      | Reached XP level 11. HP: 13/60 MP: 19/19
  8942 | D:9      | Found a staircase to the Orcish Mines.
  8985 | D:9      | Reached skill level 5 in Dodging
  9502 | D:10     | Entered Level 10 of the Dungeon
  9576 | D:10     | Reached ** piety under Kikubaaqudgha
  9682 | D:10     | Noticed a deep elf mage
  9846 | D:10     | Killed a deep elf mage
  9846 | D:10     | Reached skill level 5 in Armour
 10239 | D:11     | Noticed a skeletal warrior
 10284 | Lair:1   | Entered Level 1 of the Lair of Beasts
 10349 | Lair:1   | Learned a level 4 spell: Animate Dead
 10408 | Lair:1   | Reached skill level 5 in Fighting
 10408 | Lair:1   | Reached skill level 1 in Evocations
 10457 | Lair:1   | Noticed a five-headed hydra
 10506 | Lair:1   | Killed a five-headed hydra
 10563 | Lair:1   | Killed a black mamba
 11073 | Lair:2   | Reached XP level 12. HP: 42/68 MP: 17/20
 11076 | Lair:2   | Reached *** piety under Kikubaaqudgha
 11076 | Lair:2   | Identified Kikubaaqudgha's Guide on Dark Secrets
                  | (Kikubaaqudgha gifted it to you on level 2 of the Lair of
                  | Beasts)
 11076 | Lair:2   | Received a gift from Kikubaaqudgha
 11111 | Lair:1   | Learned a level 5 spell: Borgnjor's Vile Clutch
 11944 | Lair:2   | Got a jewelled ring mail
 12088 | Lair:2   | Identified the +1 ring mail "Ugorifix" {rC+ MR+ Str-5
                  | Dex+4} (You found it on level 2 of the Lair of Beasts)
 12340 | Lair:3   | Found a staircase to the Swamp.
 12369 | Lair:3   | Reached skill level 1 in Earth Magic
 12369 | Lair:3   | Mangled by a spiny frog

Illustrated notes

Levels and vault maps discovered:
D:1:      sevenhm_arrival_forest_fort_large_2, layout_basic
D:2:      layout_rooms
D:3:      layout_loops_ring, first_ration, kennysheep_generic_room_14,
          uniq_sigmund, uniq_crazy_yiuf_cottage
D:4:      minmay_bubble_buster, layout_loops_corners, serial_shops, shop, shop,
          shop, nicolae_shop_crystal
D:5:      layout_basic, uniq_prince_ribbit1, uniq_menkaure, uniq_eustachio
D:6:      layout_cave_pools, serial_rivers, chequers_serial_rivers_small_a,
          chequers_serial_rivers_room_b, chequers_serial_rivers_small_b,
          chequers_serial_rivers_large_a
D:7:      cheibrodos_wizards_tower, layout_loops_ring,
          minmay_temple_entry_poolview
D:8:      layout_cave_pods, serial_shops, kennysheep_little_box, uniq_maurice,
          uniq_joseph, uniq_erica, uniq_pikel
D:9:      layout_layer_cave, nicolae_qazlal_style_of_elements,
          david_lair_shrubbed, erik_orc_3
D:10:     layout_loops_cross, hangedman_stone_soup
D:11:     layout_gridville, basic_altar, dk_noncrumbling_3, uniq_sonja,
          uniq_snorg
Temple:   minmay_crystal_snake_temple
Lair:1:   layout_roguey
Lair:2:   layout_loops_ring, lemuel_fruit_fields
Lair:3:   layout_regular_city, minmay_swamp_entry_eels,
          kennysheep_basilisk_garden

Skill      XL: |  1  2  3  4  5  6  7  8  9 10 11 12 |
---------------+-------------------------------------+-----
Necromancy     | 5 6 7 9 11 14 | 14.0
Spellcasting   | 3 4 5 |  5.4
Polearms       | 6 8 9 |  9.5
Fighting       | 3 5 6 |  6.0
Armour         | 4 6 |  6.6
Dodging        | 4 6 7 |  7.1
Evocations     | 2 3 |  3.2
Earth Magic    | 1 |  1.0
Stealth        | |  2.0

Action                   |  1- 3 |  4- 6 |  7- 9 | 10-12 || total
-------------------------+-------+-------+-------+-------++-------
Melee: Unarmed           |    15 |       |       |       ||    15
       Kick              |     6 |     8 |    49 |   101 ||   164
       Peck              |     2 |     5 |    22 |    54 ||    83
       Short sword       |    23 |    27 |       |       ||    50
       Quarterstaff      |       |    26 |    28 |       ||    54
       Trident           |       |       |   145 |   319 ||   464
Throw: Dart              |       |       |    15 |     3 ||    18
 Cast: Pain              |    46 |    46 |    35 |    34 ||   161
       Animate Skeleton  |     5 |       |     2 |     1 ||     8
       Vampiric Draining |     4 |    18 |    31 |   114 ||   167
       Agony             |       |       |       |     4 ||     4
       Corpse Rot        |       |       |       |     1 ||     1
       Animate Dead      |       |       |       |     1 ||     1
 Abil: Fly               |       |     1 |       |       ||     1
Evoke: Wand              |       |       |       |    10 ||    10
  Use: Potion            |     2 |       |       |       ||     2
       Scroll            |       |     4 |     7 |     2 ||    13
 Stab: Sleeping          |     2 |     3 |     5 |     4 ||    14
       Distracted        |       |       |     2 |     1 ||     3
  Eat: Chunk             |     5 |     7 |    11 |    17 ||    40
       Ration            |       |       |       |     1 ||     1
Armor: Robe              |    11 |    14 |    54 |    70 ||   149
       Troll leather arm |       |       |       |     4 ||     4
Dodge: Dodged            |    32 |    62 |   134 |   268 ||   496
